 Dungeon Crawl Stone Soup version 0.32-a0-938-g40ac7a0f4d (webtiles) character file.

Game seed: 13706214190956498733

29 LadyBoffin the Sneak (level 3, -2/23 HPs)
             Began as a Tengu Delver on Apr 15, 2024.
             Was an Initiate of Nemelex Xobeh.
             Slain by a gnoll bouda
             ... wielding a +0 club
              (5 damage)
             ... on level 4 of the Dungeon.
             The game lasted 00:03:04 (308 turns).

LadyBoffin the Sneak (Tengu Delver)                  Turns: 308, Time: 00:03:05

Health: -2/23      AC:  3    Str: 12    XL:     3   Next: 16%
Magic:  4/4        EV: 11    Int: 10    God:    Nemelex Xobeh [......]
Gold:   13         SH:  0    Dex: 17    Spells: 2/2 levels left

rFire   . . .        a - +0 mace
rCold   . . .        (no shield)
rNeg    . . .        b - +0 leather armour
rPois   .            (helmet restricted)
rElec   .            (no cloak)
rCorr   .            (no gloves)
SInv    .            (boots unavailable)
Will    .....        (no amulet)
Stlth   +++          (no ring)
HPRegen 0.23/turn    (no ring)
MPRegen 0.09/turn

%: acrobat
@: no status effects
A: beak, talons 3, acrobatic
a: Renounce Religion, Draw Escape, Draw Destruction, Draw Summoning


You were on level 4 of the Dungeon.
You worshipped Nemelex Xobeh.
Nemelex Xobeh was noncommittal.
You visited 2 branches of the dungeon, and saw 3 of its levels.

You collected 13 gold pieces.

Inventory:

Hand Weapons
 a - a +0 mace (weapon)
Armour
 b - a +0 leather armour (worn)
Magical Staves
 h - a staff of earth
Wands
 g - a wand of digging (2)
Scrolls
 d - a scroll of revelation
Potions
 f - a potion of haste


   Skills:
 + Level 3.3 Fighting
 + Level 2.7 Maces & Flails
 + Level 2.7 Dodging
 + Level 5.2 Stealth


You had 2 spell levels left.
You didn't know any spells.
Your spell library was empty.

Dungeon Overview and Level Annotations

Branches:
Dungeon (5/15)             Temple (1/1) D:5

Altars:
Ashenzari
Cheibriados
Elyvilon
Fedhas
Hepliaklqana
Kikubaaqudgha
Makhleb
Nemelex Xobeh
Okawaru
Qazlal
Ru
Sif Muna
Trog
Wu Jian
Xom
The Shining One


Innate Abilities, Weirdness & Mutations

You have a beak for a mouth.
You have claws for feet.
You can magically evade attacks while moving or waiting.


Message History

Press: ? - help, Shift-Dir - straight line You can't see that place.
Okay, then.
There is an open door here.
You closely miss the gnoll bouda. Your kick misses the gnoll bouda.
Your peck misses the gnoll bouda. The gnoll bouda barely misses you.
You sock the gnoll bouda!
The gnoll bouda is moderately wounded.
The gnoll bouda closely misses you.
You hit the gnoll bouda. Your kick misses the gnoll bouda.
You peck the gnoll bouda, but do no damage.
The gnoll bouda is heavily wounded.
The gnoll bouda misses you.
You hit the gnoll bouda but do no damage.
You claw the gnoll bouda.
The gnoll bouda is heavily wounded.
The gnoll bouda misses you.
You hit the gnoll bouda but do no damage.
Your kick misses the gnoll bouda.
The gnoll bouda is heavily wounded.
The gnoll bouda hits you with a +0 club! x2
You completely miss the gnoll bouda. Your kick misses the gnoll bouda.
You peck the gnoll bouda.
The gnoll bouda is severely wounded.
The gnoll bouda hits you with a +0 club.
* * * LOW HITPOINT WARNING * * *
As you read the scroll of fear, it crumbles to dust.
You assume a fearsome visage.
The gnoll bouda looks frightened!
You hit the gnoll bouda.
Your attack snaps the gnoll bouda out of its fear.
Your kick misses the gnoll bouda.
You peck the gnoll bouda, but do no damage.
The gnoll bouda is almost dead.
The gnoll bouda prays to its god.
The gnoll bouda is healed somewhat.
You hit the gnoll bouda. Your peck misses the gnoll bouda.
The gnoll bouda is severely wounded.
The gnoll bouda hits you with a +0 club.
You die...
Your body disappears without a glow.

........##
.......g.#
.......#.#
.......#.#
...S...#.#
<......#.#
.......#.###
......##.g.#


.gggg# ###@### ###.....### ##.........## #..⌠.....⌠..# #.....ß.....#
##._.###._.## ##### ##### You could see a gnoll bouda.

Vanquished Creatures
  A hound (D:4)
1 creature vanquished.

Notes
Turn   | Place    | Note
-------+----------+-------------------------------------------
     0 | D:5      | LadyBoffin the Tengu Delver began the quest for the Orb.
     0 | D:5      | Reached XP level 1. HP: 14/14 MP: 2/2
    23 | D:5      | Found a hazy altar of Hepliaklqana.
    61 | D:5      | Found a staircase to the Ecumenical Temple.
    73 | Temple   | Entered the Ecumenical Temple
    79 | Temple   | Became a worshipper of Nemelex Xobeh the Trickster
    88 | D:5      | Noticed an ogre
   175 | D:5      | Found a broken altar of Ashenzari.
   196 | D:5      | Noticed a jelly
   256 | D:4      | Noticed a hound
   256 | D:4      | Found an iron altar of Okawaru.
   256 | D:4      | Found a sacrificial altar of Ru.
   264 | D:4      | Killed a hound
   265 | D:4      | Reached XP level 2. HP: 18/19 MP: 3/3
   265 | D:4      | Reached XP level 3. HP: 22/23 MP: 4/4
   308 | D:4      | Slain by a gnoll bouda

Illustrated notes

Levels and vault maps discovered:
D:4:      layout_rooms, gammafunk_temple_overflow_pools, serial_curves,
          eino_curves_01, eino_curves_04, eino_curves_02, abandoned_shop,
          uniq_sigmund
D:5:      layout_cave_pods, nicolae_ashenzari_skybound, general_overflow_altar,
          minmay_temple_entry_grid, serial_shops, nicolae_shop_tiny_glass,
          uniq_menkaure
Temple:   chequers_temple_sunken

Action                     || total
---------------------------++-------
  Melee: Mace              ||    11
         Peck              ||     3
         Kick              ||     1
  Evoke: Wand              ||     1
    Use: Scroll            ||     2
   Stab: Sleeping          ||     1
 Armour: Leather armour    ||     7
  Dodge: Dodged            ||     8

Table legend: (Time is in decaauts)
 A = Elapsed time spent in this place.
 B = Non-inter-level travel time spent in this place.
 C = Inter-level travel time spent in this place.
 D = Time resting spent in this place.
 E = Time spent auto-exploring this place.
 F = Levels seen in this place.
 G = Mean time per level.
                   A        B        C        D        E       F      G
               +--------+--------+--------+--------+--------+-----+--------+
         Total |    311 |    300 |     11 |      0 |      1 |   3 |  103.7 |
       Dungeon |    298 |    298 |      0 |      0 |      1 |   2 |  149.0 |
        Temple |     13 |      2 |     11 |      0 |      0 |   1 |   13.0 |
               +--------+--------+--------+--------+--------+-----+--------+

Top non-repeatable levels by time:
     D:5: 243 daAuts
     D:4: 54 daAuts
  Temple: 13 daAuts
